Cogmind - Beta 13 @@@ ROGUE MODE // 2024.04.01 @ 21:29:30 Player: KoT Result: Destroyed by G-47 Trooper with Particle Gun Performance ------------- Evolutions (2) 1000 Regions Visited (4) 800 Robots Destroyed (25) 125 Value Destroyed (570) 570 Prototype IDs (0) 0 Alien Tech Used (0) 0 Bonus (0) 0 TOTAL SCORE: 2495 Bonus ------- None Cogmind --------- Core Integrity 0/550 Matter 176/300 Energy 65/265 System Corruption 0% Temperature Hot (259) Movement Core (1450) Ox28 Location -8/Materials Parts ------- > --- POWER (1) -------- Improved Ion Engine > --- PROPULSION (4) --- (None) > --- UTILITY (4) ------ Huge Storage Unit Signal Interpreter > --- WEAPON (2) ------- (None) > --- INVENTORY (25) --- Light Deuterium Engine Light Nuclear Core Improved Heat Sink Huge Storage Unit Large Battery (200) Signal Interpreter Improved Targeting Computer Field Recycling Unit (0) Spread Laser Beamcaster Light Assault Rifle Peak State ------------ > --- POWER ------------ Improved Ion Engine > --- PROPULSION ------- Aluminum Leg Aluminum Leg Aluminum Leg Aluminum Leg > --- UTILITY ---------- Huge Storage Unit Sensor Array Signal Interpreter > --- WEAPON ----------- Small Laser Beam Rifle > --- INVENTORY -------- Improved Ion Engine Light Nuclear Core Improved Heat Sink Huge Storage Unit Large Battery Signal Interpreter Improved Targeting Computer Field Recycling Unit Beam Rifle Beam Rifle Spread Laser Light Assault Rifle [Rating: 14] Favorites ----------- Power Improved Ion Engine Engine Improved Ion Engine Propulsion Aluminum Leg Leg Aluminum Leg Utility Huge Storage Unit Device Sensor Array Storage Huge Storage Unit Processor Signal Interpreter Weapon Light Assault Rifle Energy Gun Spread Laser Ballistic Gun Light Assault Rifle Build | -11 -10 -9 -9 -8 ------- Run | Yrd Mat Mat Min Mat Slots Evolved 4 | . . 2 . 2 Power . | . . . . . Propulsion 2 | . . 1 . 1 Utility 2 | . . 1 . 1 Weapon . | . . . . . Parts Attached 24 | 6 9 2 3 4 Power 4 | 1 1 . 1 1 Engine 4 | 1 1 . 1 1 Core . | . . . . . Reactor . | . . . . . Propulsion 7 | 2 3 1 . 1 Treads . | . . . . . Leg 7 | 2 3 1 . 1 Wheel . | . . . . . Hover . | . . . . . Flight . | . . . . . Utility 6 | 1 4 1 . . Device 3 | . 2 1 . . Storage 2 | 1 1 . . . Processor 1 | . 1 . . . Hackware . | . . . . . Protection . | . . . . . Artifact . | . . . . . Weapon 7 | 2 1 . 2 2 Energy Gun 6 | 1 1 . 2 2 Energy Cannon . | . . . . . Ballistic Gun 1 | 1 . . . . Ballistic Cannon . | . . . . . Launcher . | . . . . . Special Weapon . | . . . . . Impact Weapon . | . . . . . Slashing Weapon . | . . . . . Piercing Weapon . | . . . . . Special Melee Weapon . | . . . . . Unidentified Prototypes . | . . . . . Parts Lost 17 | . 5 3 . 9 Power 3 | . 1 1 . 1 Propulsion 7 | . 3 . . 4 Utility 2 | . 1 . . 1 Weapon 5 | . . 2 . 3 Highest Loss Streak 7 | . 2 3 . 7 To Critical Strikes . | . . . . . Average Slot Usage (%) 95 | . 92 99 100 78 Engine 12 | . 13 10 11 7 Leg 29 | . 27 33 33 27 Device 6 | . 1 11 11 8 Storage 12 | . 14 11 11 9 Processor 8 | . 6 11 11 9 Energy Gun 16 | . 14 10 22 16 Ballistic Gun 7 | . 14 10 . . Naked Turns . | . . . . . Heaviest Build 92 | 12 91 92 92 92 Greatest Support 40 | 20 20 30 30 40 Greatest Overweight (x) 27 | 3 8 3 3 27 Average Overweight (x) 3 | . 3 2 3 2 Largest Inventory Capacity 25 | 8 25 25 25 25 Average Capacity 24 | 7 23 25 25 25 Most Carried 17 | 4 17 15 14 14 Average Carried 12 | 1 13 14 12 12 Final Capacity 25 | 8 25 25 25 25 Final Carried 16 | 1 16 15 13 11 Class Distribution -------------------- 50% | Scavenger-Mutant 49% | Mutant Dominant Class ---------------- Mutant | -10/Materials Scavenger-Mutant | -9/Materials Scavenger-Mutant | -9/Mines Scavenger-Mutant | -8/Materials Resources | -11 -10 -9 -9 -8 ----------- Run | Yrd Mat Mat Min Mat Matter Collected 441 | 168 219 24 30 . Remotely . | . . . . . Salvage Created 825 | . 599 38 . 188 Parts 56 | . 36 6 . 14 Haulers Intercepted . | . . . . . Recyclers Shooed 5 | . 5 . . . Parts Field Recycled . | . . . . . Retrieved Matter . | . . . . . Parts Self-Destructed . | . . . . . Prevented . | . . . . . Kills | -11 -10 -9 -9 -8 ------- Run | Yrd Mat Mat Min Mat Combat Hostiles Destroyed 16 | . 10 3 . 3 Guns 16 | . 10 3 . 3 Classes Destroyed 7 | . 4 . . 3 Worker 1 | . . . . 1 Builder 1 | . . . . 1 Recycler 4 | . 4 . . . Watcher 3 | . 2 . . 1 Swarmer 6 | . 3 3 . . Grunt 9 | . 7 . . 2 Hunter 1 | . . . . 1 Best Kill Streak 5 | . 5 3 . 3 Combat Bots Only 3 | . 3 3 . 2 Max Kills in Single Turn 2 | . 2 2 . 1 Gunslinging 1 | . 1 . . . Exploded . | . . . . . Melee . | . . . . . Uniques/NPCs Destroyed . | . . . . . Combat | -11 -10 -9 -9 -8 -------- Run | Yrd Mat Mat Min Mat Hostile Shots Fired 207 | . 89 41 . 77 Missed 58 | . 35 9 . 14 Damage Taken 2052 | . 590 336 . 1126 Core 734 | . 94 86 . 554 Absorbed by Shields . | . . . . . Core Remaining (%) 80 | 100 62 . 78 . Volleys Fired 79 | . 54 4 . 21 Largest 2 | . 2 2 . 2 Hottest 112 | . 85 85 . 112 Shots Fired 138 | . 96 8 . 34 Gun 138 | . 96 8 . 34 Cannon . | . . . . . Launcher . | . . . . . Special . | . . . . . Kinetic 58 | . 54 4 . . Thermal 80 | . 42 4 . 34 Explosive . | . . . . . Electromagnetic . | . . . . . Robot Hit Streak 11 | . 11 2 . 7 Robot Miss Streak 7 | . 7 7 . 3 Penetration Max . | . . . . . Secondary Targets 6 | . 5 . . 1 Max Gunslinging Chain 1 | . 1 . . 1 Shots Hit Robots 96 | . 70 6 . 20 Core Hits 82 | . 63 6 1 12 Critical Kills . | . . . . . Critical Parts Destroyed . | . . . . . Critical Strikes 2 | . . . . 2 Burn 2 | . . . . 2 Melee Attacks . | . . . . . Impact . | . . . . . Slashing . | . . . . . Piercing . | . . . . . Sneak Attacks . | . . . . . Combat Hostiles . | . . . . . Follow-up Attacks . | . . . . . Damage Inflicted 1149 | . 692 65 30 362 Guns 1060 | . 692 65 . 303 Cannons . | . . . . . Explosions 58 | . . . . 58 Melee . | . . . . . Ramming 31 | . . . 30 1 Kinetic 279 | . 257 22 . . Thermal 781 | . 435 43 . 303 Explosive 58 | . . . . 58 Electromagnetic . | . . . . . Impact . | . . . . . Slashing . | . . . . . Piercing . | . . . . . Highest Corruption . | . . . . . Average Corruption . | . . . . . Corruption Purged . | . . . . . Corruption Blocked . | . . . . . Overload Shots . | . . . . . Overflow Damage 40 | . . . . 40 Projectiles . | . . . . . Explosions 40 | . . . . 40 Melee . | . . . . . Knockbacks . | . . . . . Impact . | . . . . . Kinetic . | . . . . . Secondary . | . . . . . Self-Inflicted Damage 73 | . . . . 73 Shots 1 | . . . . 1 Rammed . | . . . . . Targets Rammed 5 | . . . 4 1 Kicked 5 | . . . 4 1 Crushed . | . . . . . Highest Temperature 584 | . 336 76 . 584 Average Temperature 145 | . 115 35 . 242 Received Heat Transfer 1002 | . 309 90 . 603 Effects 14 | . . . . 14 Energy Bleed 2 | . . . . 2 Matter Decay 3 | . . . . 3 Short Circuit 3 | . . . . 3 Damage (minor) 1 | . . . . 1 Damage (major) 4 | . . . . 4 Damage (core) 1 | . . . . 1 Siege Activations . | . . . . . Robots Corrupted . | . . . . . Combat Hostiles . | . . . . . Parts Fried . | . . . . . Impact Corruptions . | . . . . . Robots Melted . | . . . . . Combat Hostiles . | . . . . . Parts Melted 3 | . . . . 3 Heat Transferred 1507 | . 550 55 . 902 Parts Sabotaged . | . . . . . Parts Stolen . | . . . . . Parts Stripped . | . . . . . Power Chain Reactions . | . . . . . Alert | -11 -10 -9 -9 -8 ------- Run | Yrd Mat Mat Min Mat Peak Influence 157 | . 157 74 . 58 Initial . | . . . . . Average 10 | . 15 18 . 19 Maximum Alert Level . | . . . . . Low Security (%) 100 | 100 100 100 100 100 Level 1 . | . . . . . Level 2 . | . . . . . Level 3 . | . . . . . Level 4 . | . . . . . Level 5 . | . . . . . High Security . | . . . . . Max Security . | . . . . . Squads Dispatched 3 | . 1 . . 2 Investigation 1 | . 1 . . . Extermination . | . . . . . Reinforcement 2 | . . . . 2 Assault . | . . . . . Garrison . | . . . . . Intercept . | . . . . . Searches Triggered . | . . . . . Construction Impeded . | . . . . . Haulers Reinforced . | . . . . . Active Scanning Responses . | . . . . . Cargo Convoy Interrupts . | . . . . . Stealth | -11 -10 -9 -9 -8 --------- Run | Yrd Mat Mat Min Mat Distress Signals 3 | . 1 . . 2 Communications Jammed . | . . . . . Distress Signals . | . . . . . Times Spotted 29 | . 14 5 . 10 Peak Tracking Total 5 | . 3 3 . 5 Tactical Retreats 1 | . 1 . . . Traps | -11 -10 -9 -9 -8 ------- Run | Yrd Mat Mat Min Mat Traps Triggered 1 | . 1 . . . Indirectly . | . . . . . Trap Hack Attempts . | . . . . . Triggered . | . . . . . Disarmed . | . . . . . Reprogrammed . | . . . . . Reused . | . . . . . Traps Extracted . | . . . . . Installed . | . . . . . Triggered . | . . . . . Machines | -11 -10 -9 -9 -8 ---------- Run | Yrd Mat Mat Min Mat Machines Disabled 1 | . . . . 1 Max in Single Turn 1 | . . . . 1 Machines Repaired . | . . . . . Machines Dismantled . | . . . . . Machines Sabotaged . | . . . . . Overloaded Fab Kills . | . . . . . Hacking | -11 -10 -9 -9 -8 --------- Run | Yrd Mat Mat Min Mat Machines Accessed 6 | . 5 1 . . Terminals 5 | . 4 1 . . Fabricators . | . . . . . Repair Stations . | . . . . . Recycling Units 1 | . 1 . . . Scanalyzers . | . . . . . Garrison Access . | . . . . . Total Hacks 10 | . 6 4 . . Successful 8 | . 4 4 . . Failed 2 | . 2 . . . Catastrophic 1 | . 1 . . . Database Lockouts . | . . . . . Manual . | . . . . . Terminals 9 | . 5 4 . . Fabricators . | . . . . . Repair Stations . | . . . . . Recycling Units 1 | . 1 . . . Scanalyzers . | . . . . . Garrison Access . | . . . . . Terminal Hacks 7 | . 3 4 . . Record 1 | . . 1 . . Recycling Unit Index 1 | . . 1 . . Locate Traps 3 | . 2 1 . . Dispatch Records 1 | . 1 . . . Maintenance Status 1 | . . 1 . . Fabricator Hacks . | . . . . . Repair Station Hacks . | . . . . . Recycling Unit Hacks 1 | . 1 . . . Report Inventory 1 | . 1 . . . Scanalyzer . | . . . . . Garrison Access Hacks . | . . . . . Unauthorized Hacks . | . . . . . Terminals . | . . . . . Fabricators . | . . . . . Repair Stations . | . . . . . Recycling Units . | . . . . . Scanalyzers . | . . . . . Garrison Access . | . . . . . Data Cores Recovered . | . . . . . Used . | . . . . . Hacking Detections 3 | . 2 1 . . Full Trace Events . | . . . . . Feedback Events . | . . . . . Feedback Blocked . | . . . . . Robot Schematics Acquired . | . . . . . Robots Built . | . . . . . Authchips . | . . . . . Time . | . . . . . Total Robot Build Rating . | . . . . . Part Schematics Acquired . | . . . . . Parts Built . | . . . . . Authchips . | . . . . . Time . | . . . . . Total Part Build Rating . | . . . . . Parts Repaired . | . . . . . Time . | . . . . . Parts Recycled . | . . . . . Recycled Matter . | . . . . . Retrieved Matter . | . . . . . Retrieved Components . | . . . . . Parts Scanalyzed . | . . . . . Part Schematics Acquired . | . . . . . Parts Damaged . | . . . . . Bothacking | -11 -10 -9 -9 -8 ------------ Run | Yrd Mat Mat Min Mat Used RIF Installer . | . . . . . Robots Hacked . | . . . . . Non-combat . | . . . . . Combat . | . . . . . Robot Hacks Applied . | . . . . . Relay Couplers Released . | . . . . . Fabnet Peak Effective % . | . . . . . Robots Rewired . | . . . . . Allies Hacked . | . . . . . Hacks Repelled . | . . . . . Allies | -11 -10 -9 -9 -8 -------- Run | Yrd Mat Mat Min Mat Total Allies 2 | . . . 2 . Largest Group 2 | . . . 2 2 Highest-Rated Group 45 | . . . 45 45 Highest-Rated Ally 31 | . . . 31 31 Total Orders . | . . . . . Ally Attacks 2 | . . . . 2 Total Damage 42 | . . . . 42 Kills . | . . . . . Allies Corrupted . | . . . . . Allies Melted . | . . . . . Intel | -11 -10 -9 -9 -8 ------- Run | Yrd Mat Mat Min Mat Robot Analysis Total . | . . . . . Derelict Logs Recovered 1 | . . . 1 . Drone Launches . | . . . . . Drone Recoveries . | . . . . . Exploration | -11 -10 -9 -9 -8 ------------- Run | Yrd Mat Mat Min Mat Turns Passed 4981 | 65 2295 549 1796 276 Spaces Moved 1421 | 43 605 163 540 70 Core 21 | 20 . . . 1 Treads . | . . . . . Legs 1400 | 23 605 163 540 69 Wheels . | . . . . . Hover . | . . . . . Flight . | . . . . . Fastest Speed 50 | 50 120 260 330 260 Average Speed 331 | 122 351 329 330 300 Slowest Speed 1400 | 200 680 330 330 1400 Overloaded Moves . | . . . . . Propulsion Burnouts . | . . . . . Robots Hopped . | . . . . . Cave-ins Triggered . | . . . . . Exploration Rate (%) 36 | 4 61 12 93 10 Regions Visited 4 Branch Regions 1 Pre-discovered Areas . | . . . . . Known Exits Taken 3 | . 1 1 1 . Unknown Exits Taken 1 | 1 . . . . Scrap Searched 1 | . . . 1 . Spaces Dug . | . . . . . Terrain Destroyed 19 | . . . . 19 Melee . | . . . . . Projectile . | . . . . . AOE 19 | . . . . 19 Terrain Rammed . | . . . . . Walls Destroyed . | . . . . . Machines Disabled . | . . . . . Actions | -11 -10 -9 -9 -8 --------- Run | Yrd Mat Mat Min Mat Total 1562 | 55 692 169 547 99 Wait . | . . . . . Move 1417 | 42 604 162 539 70 Hop . | . . . . . Pick Up 33 | 7 22 1 1 2 Fast Attach . | . . . . . Attach 22 | 6 7 2 3 4 Detach 1 | . 1 . . . Swap 2 | . 2 . . . Drop 3 | . 2 . . 1 Fire 79 | . 54 4 . 21 Melee . | . . . . . Ram . | . . . . . Kick 5 | . . . 4 1 Crush . | . . . . . Escape Stasis . | . . . . . Rewire . | . . . . . Trap . | . . . . . Miscellaneous . | . . . . . Route ------- -11/Scrapyard -10/Materials (discovered 2 exits: *Mat x2) -9/Materials -9/Mines -8/Materials History --------- Turn | Location | Event 41 | -11/Scrapyard | Discovered new exit (range 15) 66 | -11/Scrapyard | Entered Materials 303 | -10/Materials | Build established: Mutant 351 | -10/Materials | Discovered new exit (range 10) 1034 | -10/Materials | Discovered new exit (range 16) 1289 | -10/Materials | Identified exit to Materials 2361 | -10/Materials | Entered another Materials area 2361 | -9/Materials | Evolved 2 slots: Propulsion x1, Utility x1 2668 | -9/Materials | Build established: Scavenger-Mutant 2818 | -9/Materials | Discovered new exit (range 16) 2907 | -9/Materials | Identified exit to Mines 2910 | -9/Materials | Entered Mines 2940 | -9/Mines | Lost 3 parts (1p2w) 3141 | -9/Mines | Discovered new exit (range 14) 3191 | -9/Mines | Identified exit to Materials 3799 | -9/Mines | Learned Materials trap positions 4706 | -9/Mines | Entered Materials 4706 | -8/Materials | Accompanied by 2 allies 4706 | -8/Materials | Evolved 2 slots: Propulsion x1, Utility x1 4707 | -8/Materials | Loaded intel: 9 trap records 4711 | -8/Materials | Led the pair of lost Derelicts to an unsafe place 4967 | -8/Materials | Core integrity fell below 50% 4976 | -8/Materials | Core integrity fell below 20% 4982 | -8/Materials | Destroyed by G-47 Trooper with Particle Gun Last Messages --------------- damaged (-8). 04968_ Overheating: Beam Rifle damaged (-40). 04968_ Overheating: Sensor Array damaged (-1). 04969_ Overheating: Core damaged (-88). 04970_ Overheating: Matter decay (-23). 04971_ Sensor Array destroyed. 04971_ K-01 Serf collects debris. 04976_ R-06 Scavenger inserts Mak. Terrain Scan Processor into recycling unit. 04977_ K-01 Serf collects debris. 04979_ Overheating: Huge Storage Unit damaged (-174). 04979_ R-06 Scavenger inserts Datajack into recycling unit. 04979_ Beam Rifle destroyed. 04980_ R-06 Scavenger collects Broken Beam Rifle. 04981_ K-01 Serf collects debris. 04982_ R-06 Scavenger inserts Lgt. Ion Engine into recycling unit. Map ----- +----------------------------------------------------+ | ???????????????????# """ """ #???????????????????? | | ???????????????????# #???????????????????? | | ???????????????????# #???????????????????? | | ???????????????????# #???????????????????? | | ???########????????#####+#####???????????????????? | | ???# #???#######?# % #???????????????????? | | ???# T #???# # #???????????????????? | | ???# #???# """ # #???????????????????? | | ???# #???# """ ! + ##+########????????????? | | ???# #???# """ # # #????????????? | | ???# #???# # # ! T #????????????? | | ???#####+############## ! #????????????? | | ????# % !#????????????? | | ????# #????????????? | | ????# # """ #????????????? | | ????################### # """ ?????????????? | | ??????????????????????# # """ #????????????? | | ??????????????????????# o# # #??????????????? | | ??????????????????????+ %########### #????????? | | ??????????????????????# % ???????? | | ??????????????????????# ???????? | | ??????????????????????# ???????? | | ??????????????????????#=%g%#############?????????? | | ??????????????????????# =!%#?????????????????????? | | ??????????????????????# =%#?????????????????????? | | ??????????????????????+ k@*#?????????????????????? | | ??????????????????????# r #?????????????????????? | | ??????????????????????# g#?????????????????????? | | ??????????????????????# g#?????????????????????? | | ?????????????????????# #?????????????????????? | | ?????????????????????# ?????????????????????? | | ?????????????????????+ ?????????????????????? | | ?????????????????????#^ """ ????????????????????? | | ?????????????????????# "Y" ????????????????????? | | ?????????????????????## r ????????????????????? | | ??????????????????????# = ???????????????????? | | ??????????????????????# ???????????????????? | | ??????????????????????# ???? ???????????????????? | | ??????????????????????# ????? ??????????????????? | | ??????????????????????# ????????????????????????? | | ??????????????????????? ?????????????????????????? | | ?????????????????????????????????????????????????? | | ?????????????????????????????????????????????????? | | ?????????????????????????????????????????????????? | | ?????????????????????????????????????????????????? | | ?????????????????????????????????????????????????? | | ?????????????????????????????????????????????????? | | ?????????????????????????????????????????????????? | | ?????????????????????????????????????????????????? | | ?????????????????????????????????????????????????? | +----------------------------------------------------+ Best States ------------- Heat Dissipation 31 Energy Generation 12 Energy Capacity 265 Matter Stores 300 Matter Capacity 300 Sight Range 16 Robot Scan Range 14 Terrain Scan Density 10 Evasion (%) 55 Item Schematics ----------------- None Robot Schematics ------------------ None Fabricated ------------ Nothing Alien Tech Used ----------------- None Achievements -------------- None Challenges ------------ None Game ------ Seed HardenedCobblerStripper Manual? 0 Play Time 00:22:41 Cumulative 9.2 hours Start 2024.04.01 @ 20:41:10 End 2024.04.01 @ 21:29:30 Sessions 1 Manual Loads 0 Difficulty Rogue Special Mode None Game No. 15 Rogue 15 Adventurer 0 Explorer 0 Win Type - Total 0 Types 0/0/0/0/0/0/0/0/0 Lore% 16 Gallery% 12 Achievement% 14 Wizard Run 0 Options --------- Layout 1 ASCII 0 Keyboard 0 Movement Arrows Keybinds 0 Fullscreen 1 Font 24/Smallcaps Map View 50x35 Zoom Use 0% Tactical HUD 1 Map Filters NONE Filters NONE Steam 0 RUN: 562adf87-6a99-42f3-92b5-bc87f626011c